Map: Emerald City LE

Players

Massa - Winner!

  • Race: Terran Terran
  • League: Platinum
  • Spawn Location: 5:00

qqq - Winner!

  • Race: Zerg Zerg
  • League: Platinum
  • Spawn Location: 5:00

renks

  • Race: Terran Terran
  • Spawn Location: 11:00

ringo

  • Race: Terran Terran
  • Spawn Location: 11:00

VOD

Have the link to the VOD?

Description

Time

  • Played on: Sept. 7, 2020, 3:13 p.m.
  • Length: 23:23
Show
View Real Time Build Order
Export as new Build Order

Massa Terran - Winner!

Build Orders:  

Get SALT Encoding   

  12  0:00  SCV  
  13  0:12  SCV  
  14  0:18  Supply Depot  
  14  0:24  SCV  
  15  0:41  SCV, Barracks  
  16  0:46  Refinery  
  16  0:53  SCV  
  17  1:05  Refinery, SCV  
  18  1:17  SCV  
  19  1:29  SCV  
  19  1:32  Reaper  
  21  1:35  Supply Depot  
  21  1:41  SCV  
  22  1:52  Factory  
  22  1:56  Orbital Command  
  22  2:04  Reaper  
  23  2:11  Barracks  
  23  2:35  Factory Tech Lab  
  23  2:36  Reaper  
  24  2:41  SCV  
  25  2:55  Command Center  
  25  2:57  SCV  
  26  3:00  Marine  
  27  3:08  Marine, Siege Tank  
  31  3:31  Supply Depot  
  31  3:33  Supply Depot  
  31  3:38  Marine  
  30  3:49  Marine  
  30  3:53  Siege Tank  
  30  3:54  Engineering Bay  
  34  3:56  Supply Depot  
  34  4:01  Barracks Tech Lab  
  34  4:06  Barracks  
  34  4:11  Supply Depot  
  34  4:14  SCV x2  
  36  4:22  Marauder  
  36  4:23  Marine  
  39  4:30  Missile Turret  
  38  4:44  Barracks Reactor  
  38  4:49  Orbital Command  
  38  4:50  SCV  
  39  4:56  Widow Mine  
  41  5:02  SCV  
  42  5:10  Missile Turret  
  42  5:11  Terran Infantry Weapons Level 1  
  42  5:14  SCV, Armory  
  42  5:17  Widow Mine  
  42  5:18  SCV, Engineering Bay  
  46  5:33  Missile Turret  
  46  5:36  Missile Turret  
  46  5:39  Missile Turret  
  46  5:48  SCV x2  
  48  6:00  SCV x2  
  50  6:05  Command Center  
  50  6:06  Terran Infantry Armor Level 1  
  50  6:07  Terran Vehicle Weapons Level 1  
  50  6:14  Stimpack  
  50  6:15  Missile Turret  
  50  6:16  Marine x2  
  52  6:20  Barracks Tech Lab  
  52  6:37  Marauder  
  52  6:39  Marauder  
  56  6:40  Marine  
  56  6:43  SCV  
  58  6:59  Marauder  
  58  7:00  Starport  
  60  7:05  Terran Infantry Weapons Level 2  
  60  7:20  Marauder  
  62  7:23  SCV  
  62  7:24  SCV  
  64  7:36  SCV x2  
  66  7:38  Combat Shield  
  66  7:41  Marauder, Marine x2  
  66  7:42  Marauder  
  72  7:45  Starport Tech Lab  
  72  7:48  SCV x2  
  74  7:54  Concussive Shells  
  74  7:58  Planetary Fortress  
  74  7:59  Marine  
  74  8:00  SCV x2  
  74  8:01  Terran Vehicle And Ship Armor Level 1, Missile Turret  
  74  8:02  Marauder  
  79  8:12  SCV x2  
  81  8:18  Marine  
  81  8:19  Marauder, Marine  
  85  8:21  Missile Turret  
  85  8:24  SCV x2, Marauder  
  89  8:28  Refinery  
  89  8:30  Refinery  
  89  8:36  SCV x2, Marine  
  89  8:37  SCV  
  93  8:43  Missile Turret  
  93  8:48  Terran Infantry Armor Level 2  
  93  8:50  Supply Depot x2  
  93  9:04  Refinery  
  93  9:05  Missile Turret  
  93  9:06  Refinery  
  93  9:10  Command Center  
  93  9:12  SCV x2, Marauder, Raven, Marine x3  
  93  9:13  Supply Depot  
  102  9:29  Marine  
  102  9:30  Marauder  
  105  9:34  Marauder  
  105  9:37  Supply Depot  
  108  9:38  SCV x3  
  108  9:45  Command Center  
  110  9:50  SCV x2  
  112  9:54  Raven  
  112  9:55  Terran Vehicle Weapons Level 2  
  114  10:01  Starport  
  114  10:10  SCV x3  
  117  10:22  SCV x3  
  117  10:26  Starport  
  120  10:37  Viking  
  122  10:42  Starport  
  122  10:46  Viking  
  124  11:07  Viking  
  126  11:19  Orbital Command  
  126  11:24  Refinery x2  
  126  11:26  Orbital Command  
  126  11:39  Starport Reactor  
  126  11:40  Starport Tech Lab  
  126  11:42  Starport Tech Lab  
  126  11:46  Viking  
  128  11:50  SCV  
  128  11:51  SCV x3, Supply Depot  
  128  11:53  Supply Depot  
  128  11:54  Supply Depot  
  132  11:58  Supply Depot  
  132  12:00  Command Center  
  132  12:16  Viking, Supply Depot  
  132  12:18  Thor  
  115  12:36  Marauder  
  92  12:37  Marauder, Marine x2  
  92  12:44  Viking x4  
  92  12:46  Viking  
  92  12:47  Smart Servos  
  100  12:55  Marine x2  
  100  12:58  Marauder x2  
  106  12:59  Factory  
  106  13:01  Thor  
  106  13:03  Factory  
  112  13:07  Factory  
  106  13:13  Marine x2  
  106  13:14  Viking x4  
  106  13:19  Marauder x2  
  109  13:29  Factory  
  109  13:30  Marine  
  109  13:31  Marine  
  110  13:40  Marauder  
  110  13:41  Marauder  
  114  13:44  Factory Tech Lab  
  114  13:46  Factory Tech Lab  
  120  14:02  Marauder x2  
  124  14:10  Factory Tech Lab  
  124  14:14  Thor x2  
  136  14:17  Factory Tech Lab  
  136  14:22  Marine x2  
  136  14:23  Marauder  
  136  14:24  Marauder  
  137  14:40  Marine x2  
  137  14:45  Marauder x2  
  112  14:48  Thor  
  112  14:49  Thor  
  96  14:56  Thor  
  96  14:57  Marine x2  
  108  15:06  Marauder x2  
  102  15:15  Marine x2  
  96  15:27  Marauder  
  96  15:28  Marauder  
  100  15:30  Command Center  
  100  15:31  Thor x2  
  100  15:33  Marine x2  
  114  15:38  Factory  
  114  15:39  Thor  
  120  15:43  Factory  
  120  15:49  Marauder x2  
  123  16:10  Marauder  
  123  16:11  Marauder  
  127  16:14  Thor x2  
  139  16:22  Thor  
  142  16:57  Thor  
  142  16:58  Thor  
  142  17:00  Factory Tech Lab  
  109  17:34  Orbital Command, Marauder  
  109  17:35  Marauder, Marine x2  
  109  17:36  Thor  
  113  17:42  SCV  
  113  17:43  SCV  
  115  17:52  Marine  
  115  17:53  Marine  
  115  17:54  SCV  
  115  17:55  SCV  
  115  17:56  Marauder x2  
  123  18:07  Terran Vehicle And Ship Armor Level 2, SCV x2  
  123  18:10  Marine x2  
  123  18:12  Orbital Command  
  127  18:17  Marauder x2  
  127  18:18  Refinery  
  127  18:19  SCV x2  
  133  18:28  Marine x2  
  133  18:31  SCV x2  
  137  18:38  Marine x2  
  106  19:00  Thor x3  
  106  19:01  Orbital Command  
  93  19:03  Marauder, Marine x2  
  93  19:04  Marauder  
  99  19:20  Marine  
  100  19:25  Marauder  
  100  19:40  Thor  
  100  19:43  Thor  
  102  20:04  SCV x4  
  102  20:05  SCV  
  107  20:12  Thor  
  113  20:16  Command Center  
  113  20:17  Refinery  
  113  20:18  Refinery  
  105  20:54  Thor x3  
  105  20:57  Marauder, Marine x3  
  127  21:14  Marine  
  127  21:15  Marine x2  
  114  21:34  SCV  
  114  21:35  SCV x4  
  119  21:46  SCV  
  121  21:47  SCV  
  121  21:48  Orbital Command  
  103  21:59  SCV x4  
  92  22:11  SCV  
  82  22:43  Missile Turret x2  
  81  22:45  Missile Turret  
  81  22:49  Marine  
  81  22:50  Marauder  
  90  23:06  Missile Turret  
  90  23:15  Missile Turret  
Show
View Real Time Build Order
Export as new Build Order

qqq Zerg - Winner!

Build Orders: Hatch First 

Get SALT Encoding   

  12  0:01  Drone  
  13  0:10  Drone  
  14  0:41  Hatchery, Drone  
  14  0:56  Spawning Pool  
  13  1:08  Drone, Overlord  
  14  1:12  Extractor, Drone  
  14  1:30  Drone  
  15  1:33  Drone  
  16  1:41  Drone  
  16  1:43  Queen  
  19  1:53  Drone  
  20  1:58  Zergling x2  
  21  2:08  Queen  
  21  2:10  Drone  
  21  2:13  Metabolic Boost  
  24  2:15  Drone  
  24  2:19  Drone  
  26  2:37  Drone x2  
  26  2:38  Overlord  
  28  2:57  Zergling x2  
  28  2:58  Zergling x2, Overlord  
  30  3:14  Hatchery  
  30  3:16  Zergling x8  
  33  3:27  Zergling x2  
  33  3:28  Drone x3  
  37  3:43  Drone  
  38  3:53  Drone  
  39  4:00  Zergling x6  
  39  4:01  Drone  
  43  4:04  Drone  
  43  4:07  Overlord  
  44  4:12  Spore Crawler  
  44  4:13  Hatchery  
  44  4:15  Spore Crawler  
  44  4:16  Drone  
  42  4:20  Drone  
  42  4:21  Drone  
  44  4:26  Overlord  
  44  4:38  Overlord x2  
  44  4:41  Zergling x4  
  44  4:42  Drone  
  44  4:43  Drone  
  48  4:53  Zergling x4  
  48  4:54  Drone x3  
  48  4:58  Drone x2  
  55  5:15  Spore Crawler  
  55  5:18  Drone x3  
  55  5:19  Drone x2, Spore Crawler  
  55  5:20  Zergling x2  
  55  5:21  Zergling x4  
  61  5:24  Lair  
  61  5:28  Evolution Chamber  
  60  5:37  Drone, Zergling x2  
  60  5:38  Drone x2, Zergling x4  
  60  5:39  Drone x2  
  60  5:42  Drone x2  
  70  5:45  Overlord  
  70  5:51  Drone  
  70  5:52  Drone x2  
  70  5:53  Drone  
  74  5:58  Zerg Melee Weapons Level 1  
  74  6:04  Extractor  
  74  6:18  Drone x4  
  74  6:19  Drone x2  
  74  6:20  Zergling x6  
  74  6:22  Spore Crawler  
  74  6:23  Spine Crawler, Spore Crawler  
  79  6:32  Extractor  
  78  6:33  Extractor  
  78  6:37  Pneumatized Carapace  
  77  6:40  Overseer  
  77  6:45  Drone x4  
  77  6:46  Infestation Pit  
  80  6:56  Drone x3  
  80  6:57  Drone x5, Hydralisk Den  
  80  6:58  Drone  
  80  6:59  Overlord x2  
  80  7:00  Overlord  
  88  7:20  Queen  
  90  7:25  Hive  
  90  7:27  Evolution Chamber, Muscular Augments  
  90  7:29  Drone x2  
  91  7:30  Overlord  
  91  7:31  Overlord  
  91  7:32  Hydralisk  
  91  7:34  Hydralisk  
  91  7:35  Drone  
  91  7:36  Drone x6  
  102  7:49  Extractor, Drone x3  
  102  7:50  Drone, Extractor  
  104  7:52  Extractor x2  
  102  8:01  Drone  
  102  8:02  Drone  
  102  8:04  Hydralisk x5  
  114  8:17  Drone x2  
  114  8:18  Drone x2  
  118  8:24  Hatchery x3  
  115  8:37  Viper  
  115  8:38  Grooved Spines, Hydralisk  
  120  8:41  Zerg Ground Armor Level 1  
  120  8:46  Hatchery  
  119  8:51  Drone x3, Hatchery  
  119  8:53  Drone x3  
  124  9:02  Zerg Missile Weapons Level 1  
  124  9:03  Ultralisk Cavern  
  124  9:06  Zergling x2  
  124  9:07  Zergling x4  
  124  9:08  Drone  
  117  9:43  Viper x3  
  126  9:47  Drone x2  
  126  9:48  Zergling x10  
  133  9:54  Lurker Den  
  132  10:00  Drone x4  
  132  10:01  Overlord x4  
  132  10:03  Ultralisk  
  132  10:04  Overlord x2  
  142  10:07  Anabolic Synthesis  
  142  10:22  Ultralisk  
  148  10:29  Zergling x14  
  148  10:30  Drone  
  148  10:31  Drone x4  
  159  10:49  Zergling x2, Ultralisk x2, Chitinous Plating  
  173  10:50  Zergling x12  
  173  10:51  Drone x5  
  173  10:52  Zergling x10  
  173  10:55  Spore Crawler  
  187  10:58  Spore Crawler  
  187  10:59  Spine Crawler  
  187  11:01  Spine Crawler  
  179  11:18  Drone  
  179  11:19  Drone x6  
  179  11:20  Drone x3  
  179  11:22  Ultralisk  
  194  11:53  Ultralisk  
  133  12:23  Ultralisk x4  
  133  12:24  Zergling x4, Ultralisk x5  
  133  12:25  Zergling x12  
  133  12:26  Hydralisk x2  
  133  12:27  Zergling x4  
  133  12:28  Zergling x6  
  171  12:38  Spine Crawler  
  171  12:39  Spore Crawler  
  171  12:41  Spine Crawler, Hydralisk x3  
  171  12:42  Hydralisk x3, Spore Crawler  
  171  12:43  Drone  
  171  12:44  Drone x4  
  183  12:57  Zergling x2  
  183  12:58  Zergling x8  
  186  13:01  Overlord x2  
  159  13:15  Hydralisk x6  
  159  13:19  Zerg Ground Armor Level 2  
  170  13:20  Zerg Melee Weapons Level 2  
  170  13:26  Hydralisk x4  
  178  13:35  Spore Crawler x2  
  176  13:50  Hatchery  
  175  13:59  Ultralisk x2  
  175  14:01  Hydralisk x4  
  142  14:24  Hydralisk, Ultralisk x3  
  142  14:25  Hydralisk x3  
  142  14:27  Drone x3  
  142  14:30  Zergling x10  
  158  14:42  Hatchery  
  158  14:45  Drone  
  158  14:47  Drone x3  
  158  14:50  Hydralisk  
  158  14:51  Hydralisk x2  
  173  14:53  Ultralisk x2  
  155  15:03  Spore Crawler  
  155  15:06  Spine Crawler  
  149  15:07  Spine Crawler  
  149  15:12  Zergling x4  
  149  15:13  Zergling x14  
  156  15:32  Hydralisk, Ultralisk x2  
  156  15:33  Hydralisk, Ultralisk x2  
  176  15:39  Zergling x2  
  176  15:40  Zergling x10  
  176  15:41  Zergling x8  
  159  16:03  Zergling x4, Ultralisk x2  
  159  16:04  Zergling x10  
  149  16:05  Drone x2  
  111  16:24  Hydralisk x2, Ultralisk x2  
  114  16:55  Hatchery  
  114  16:59  Hydralisk x2  
  115  17:06  Hatchery  
  110  17:11  Zergling x4  
  110  17:12  Hatchery, Zergling x2  
  110  17:35  Ultralisk  
  115  18:10  Ultralisk x2  
  127  18:21  Drone x3  
  127  18:23  Zergling x2  
  131  18:28  Drone  
  128  18:38  Hydralisk  
  130  18:47  Spine Crawler  
  129  19:04  Hydralisk  
  129  19:05  Hydralisk  
  129  19:25  Hydralisk x4  
  125  19:39  Drone x6  
  125  19:42  Spine Crawler  
  125  19:44  Spine Crawler, Spore Crawler  
  125  19:47  Spine Crawler  
  125  19:48  Spine Crawler  
  120  19:57  Spore Crawler x2  
  111  20:03  Spore Crawler x2  
  111  20:06  Spine Crawler  
  91  20:20  Drone  
  91  20:21  Drone x2  
  93  20:22  Drone  
  93  20:23  Drone x2  
  93  20:24  Drone x2  
  93  20:25  Drone  
  97  21:08  Hydralisk x2  
  97  21:09  Hydralisk x3  
  97  21:10  Drone x6  
  113  21:13  Drone x2  
  115  21:26  Overseer  
  115  21:58  Ultralisk x2  
  115  21:59  Hydralisk x3, Zergling x8  
  115  22:00  Hydralisk x2  
  123  22:12  Ultralisk  
  123  22:13  Zergling x2  
  123  22:14  Zergling x2  
  99  22:20  Drone x4  
  99  22:21  Drone  
  90  22:28  Hydralisk x2  
  94  22:44  Hydralisk  
  94  22:45  Hydralisk  
  94  22:47  Drone  
  94  22:48  Drone x2  
  99  23:04  Drone x4  
  99  23:05  Hatchery  
Show
View Real Time Build Order
Export as new Build Order

renks Terran 

Build Orders: Mech 

Get SALT Encoding   

  12  0:00  SCV  
  13  0:12  SCV  
  14  0:19  Supply Depot  
  14  0:24  SCV  
  15  0:29  Refinery  
  15  0:41  SCV  
  16  0:45  Barracks  
  16  0:53  SCV  
  17  1:05  SCV  
  18  1:20  SCV  
  19  1:32  Orbital Command  
  19  1:37  Factory  
  19  1:38  Marine  
  20  1:55  Marine  
  21  2:04  SCV  
  22  2:13  Marine, Command Center  
  23  2:20  Factory Tech Lab  
  23  2:28  Supply Depot  
  23  2:41  Supply Depot  
  23  2:50  Refinery, SCV, Siege Tank  
  27  3:00  Marine  
  27  3:02  SCV  
  29  3:14  SCV  
  30  3:26  Orbital Command, SCV  
  31  3:31  Siege Tank  
  34  3:48  Orbital Command  
  34  3:49  SCV  
  34  3:52  Command Center  
  35  4:03  Siege Tank  
  35  4:08  Starport, SCV  
  35  4:09  Engineering Bay  
  39  4:15  Supply Depot  
  39  4:20  SCV  
  39  4:21  SCV  
  41  4:38  SCV x2  
  43  4:46  Missile Turret  
  43  4:50  SCV, Viking  
  46  4:54  Missile Turret  
  46  4:55  SCV  
  47  5:03  Orbital Command  
  47  5:10  SCV  
  47  5:11  SCV  
  49  5:15  Missile Turret  
  49  5:19  Missile Turret  
  49  5:23  Factory  
  49  5:26  Factory  
  49  5:28  SCV x2  
  50  5:30  SCV  
  52  5:40  SCV x2  
  54  5:43  Starport Reactor  
  54  5:45  SCV  
  55  5:52  SCV  
  55  5:53  SCV  
  55  5:57  Armory  
  57  5:58  Refinery, SCV  
  57  6:00  Supply Depot  
  57  6:02  Refinery  
  58  6:04  SCV  
  58  6:05  SCV  
  58  6:10  SCV  
  61  6:12  Factory Tech Lab  
  61  6:13  Factory Reactor  
  61  6:14  Factory  
  61  6:19  SCV x2  
  61  6:22  SCV  
  64  6:30  Infernal Pre-Igniter  
  64  6:31  SCV  
  65  6:38  SCV x2  
  67  6:41  Missile Turret  
  67  6:51  Command Center  
  67  6:53  Missile Turret, Thor  
  73  6:59  Factory Tech Lab  
  73  7:01  Thor  
  79  7:14  SCV x3  
  82  7:25  Supply Depot  
  82  7:27  Supply Depot  
  82  7:28  Supply Depot  
  82  7:34  Supply Depot  
  82  7:35  Terran Vehicle Weapons Level 1  
  82  7:38  Supply Depot  
  82  7:39  Armory  
  82  7:45  SCV x3  
  82  7:46  Thor  
  91  7:54  Hellion  
  91  7:55  Hellion x3  
  99  8:04  Supply Depot  
  99  8:18  Thor x2  
  111  8:22  Hellion x2  
  115  8:27  Planetary Fortress  
  115  8:37  Missile Turret x2  
  115  8:40  SCV, Missile Turret  
  115  8:41  SCV x2  
  118  8:44  Hellion  
  118  8:45  Hellion  
  118  8:46  Hellion  
  124  8:52  SCV  
  124  8:53  SCV  
  126  8:58  Refinery  
  126  9:01  Terran Vehicle And Ship Armor Level 1  
  126  9:03  Thor  
  126  9:07  Refinery  
  126  9:09  Sensor Tower  
  132  9:12  SCV x4  
  132  9:14  Missile Turret  
  136  9:18  Hellion  
  136  9:19  Hellion  
  136  9:20  Thor  
  146  9:45  Supply Depot  
  146  9:47  Supply Depot x2  
  146  9:48  Supply Depot  
  146  9:50  Supply Depot  
  146  9:58  Supply Depot  
  146  10:06  Hellion, Thor  
  156  10:07  Hellion  
  156  10:08  Thor x2  
  168  10:15  Command Center  
  168  10:29  Hellion  
  168  10:33  Hellion x2  
  172  10:49  Thor  
  178  10:52  Hellion x2  
  178  10:55  Hellion x2  
  186  10:57  Factory  
  186  10:58  Factory  
  186  10:59  Terran Vehicle And Ship Armor Level 2, Terran Vehicle Weapons Level 2  
  182  11:26  Siege Tank x2  
  182  11:28  Hellion x2  
  192  11:43  Factory Reactor  
  192  11:47  Factory Tech Lab  
  192  11:55  Command Center  
  186  12:14  Thor x4  
  190  12:16  Hellion x2  
  173  12:34  Hellion x2  
  173  12:37  Hellion x2  
  177  12:57  Thor  
  169  13:19  Hellion x2  
  181  13:20  Hellion x5  
  183  13:45  Command Center  
  183  13:55  Terran Vehicle And Ship Armor Level 3  
  183  14:09  Missile Turret  
  145  14:45  Thor x2  
  113  15:21  Hellion x4  
  79  15:53  Hellion x6  
  87  16:06  Terran Vehicle Weapons Level 3  
  87  16:08  Hellion  
  77  16:24  Orbital Command  
  77  16:33  Hellion x2  
  77  16:38  SCV x2  
  77  16:39  SCV  
  86  16:40  SCV  
  79  17:09  Thor  
  79  17:10  Thor x2  
  85  17:21  Orbital Command  
  84  17:26  Hellion x2  
  67  17:52  Thor x2  
  79  18:04  Thor  
  81  18:35  Hellion  
  81  18:36  Hellion, Thor  
  53  19:25  Orbital Command  
  53  19:26  Factory Reactor  
  53  19:27  Thor x2  
  65  19:37  Hellion  
  67  19:57  Hellion  
  67  20:00  Hellion  
  67  20:27  Hellion x3  
  2  22:42  Hellion  
Show
View Real Time Build Order
Export as new Build Order

ringo Terran 

Build Orders: 2 Factory 

Get SALT Encoding   

  12  0:00  SCV  
  13  0:13  SCV  
  14  0:25  SCV  
  15  0:28  Supply Depot  
  15  0:50  SCV  
  15  0:52  Barracks  
  16  1:02  SCV  
  17  1:14  Command Center  
  17  1:17  SCV  
  18  1:27  Refinery  
  18  1:29  SCV  
  19  1:35  Refinery  
  19  1:39  Marine  
  20  1:41  SCV  
  21  1:53  SCV  
  22  2:19  Orbital Command  
  22  2:29  Factory  
  21  2:31  Marine  
  21  2:33  Orbital Command  
  22  3:01  Factory  
  22  3:02  Barracks Reactor  
  22  3:07  SCV x2  
  22  3:09  Supply Depot  
  24  3:28  SCV x2  
  26  3:40  SCV x2, Supply Depot  
  28  3:51  Factory Tech Lab  
  28  3:57  Supply Depot  
  28  3:58  Starport  
  28  3:59  Orbital Command  
  28  4:04  Hellion  
  28  4:05  Hellion  
  28  4:07  Command Center  
  28  4:09  SCV  
  33  4:13  Siege Tank  
  36  4:25  SCV  
  36  4:26  SCV  
  38  4:42  SCV x2  
  40  4:46  Refinery  
  40  4:49  Supply Depot  
  40  4:50  Supply Depot  
  40  4:52  Supply Depot  
  40  4:54  SCV x2  
  40  4:58  Viking  
  44  5:03  Hellion, Siege Tank  
  44  5:05  Hellion  
  51  5:11  SCV x2  
  53  5:23  SCV  
  53  5:25  Orbital Command  
  54  5:32  SCV  
  55  5:35  Armory  
  55  5:48  SCV x2  
  57  5:53  Command Center  
  57  6:00  SCV x2  
  59  6:05  Starport Tech Lab  
  59  6:07  Starport  
  59  6:15  Fusion Core  
  59  6:18  Starport  
  59  6:24  Widow Mine x2  
  59  6:25  Widow Mine  
  65  6:38  Armory  
  65  6:42  Terran Ship Weapons Level 1  
  65  6:46  SCV x3  
  68  7:31  Supply Depot  
  68  7:33  Starport Tech Lab x2  
  68  7:35  Terran Vehicle And Ship Armor Level 1  
  68  7:37  Engineering Bay  
  68  7:40  Refinery  
  68  8:05  SCV x3  
  71  8:24  SCV x3  
  71  8:26  Planetary Fortress  
  74  8:30  Missile Turret x2  
  74  8:33  Refinery  
  74  8:35  Refinery  
  74  8:36  SCV x3  
  74  8:37  Siege Tank  
  74  8:38  Hellion x2  
  74  8:39  Battlecruiser x2  
  96  8:41  Battlecruiser  
  102  8:48  SCV  
  102  8:54  Missile Turret  
  103  9:06  SCV, Supply Depot x2  
  103  9:07  SCV x2  
  106  9:14  Command Center  
  106  9:18  Terran Ship Weapons Level 2  
  106  9:26  SCV x4  
  106  9:27  Hellion  
  106  9:28  Hellion x2, Command Center  
  106  9:30  Terran Vehicle And Ship Armor Level 2  
  116  9:36  Armory, Supply Depot  
  116  9:37  Supply Depot  
  116  9:49  Hellion  
  124  9:52  Battlecruiser  
  124  10:12  Supply Depot  
  124  10:13  Battlecruiser  
  130  10:15  Battlecruiser  
  136  10:34  Supply Depot  
  136  10:56  Hellion x3  
  141  10:59  Refinery  
  141  11:00  Terran Vehicle Weapons Level 1  
  141  11:06  Refinery  
  141  11:17  Hellion, Missile Turret  
  141  11:18  Hellion x2, Missile Turret  
  147  11:19  Factory, Infernal Pre-Igniter  
  147  11:22  Banshee  
  147  11:23  Banshee x2, Factory  
  147  11:24  Cloaking Field  
  156  11:25  Hyperflight Rotors  
  156  11:33  Planetary Fortress  
  156  11:35  Neosteel Armor  
  156  11:38  Hellion  
  156  11:39  Hellion x2  
  162  12:00  Hellion x3  
  162  12:22  Hellion, Battlecruiser x2  
  160  12:44  Banshee  
  163  12:53  SCV x5  
  164  13:05  SCV x5  
  165  13:07  Terran Vehicle Weapons Level 2, Terran Ship Weapons Level 3  
  165  13:08  Terran Vehicle And Ship Armor Level 3  
  167  13:15  Hi-Sec Auto Tracking  
  167  13:17  SCV  
  160  13:46  Battlecruiser x2  
  160  13:47  Factory Reactor x2  
  160  13:48  Hellion x3  
  178  13:49  Command Center  
  178  13:50  Missile Turret  
  178  14:02  Orbital Command  
  178  14:07  Command Center  
  178  14:09  Hellion  
  180  14:10  Hellion x2  
  180  14:31  Hellion x3  
  184  14:52  Hellion x2  
  184  14:53  Hellion  
  183  15:00  Hellion  
  183  15:01  Hellion x3  
  183  15:05  Banshee x3  
  199  15:11  Planetary Fortress  
  197  15:21  Hellion  
  127  17:01  Banshee x3  
  115  17:02  Hellion  
  115  17:03  Hellion x6  
  105  17:24  Hellion x7  
  115  17:43  Banshee  
  115  17:44  Banshee x2  
  119  17:45  Hellion, Fusion Core  
  119  17:46  Hellion x6  
  124  18:06  Hellion  
  124  18:26  Banshee x2  
  124  18:27  Banshee  
  130  18:30  Terran Vehicle Weapons Level 3  
  82  19:09  Battlecruiser  
  94  19:10  Battlecruiser x2  
  65  21:36  Battlecruiser x3  
  80  22:00  Factory Tech Lab  
  80  22:02  Widow Mine  
  80  22:03  Widow Mine x4  
  80  22:04  Widow Mine  
  83  22:29  Orbital Command  
  71  22:36  Orbital Command  
Tags
 
Add a new tag
Caveats
  • Supply blocks, unpowered buildings, or Contaminate may cause inaccurate times.
  • Supply counts are checked every 10 seconds.